TOP OF THE 1ST |
Kalamazoo Royale with Cheese batting - Pitching for Boston Rebels : RHP José Ortíz
|
Pitching: RHP José Ortíz
|
|
Batting: RHB Millard Boyd
|
0-0: Ball 1-0: Ball 2-0: Ground out 5-3 (Groundball, 56)
|
Batting: LHB Gene Cooper
|
0-0: Called Strike 0-1: Ball 1-1: Foul Ball, location: 2F 1-2: Foul Ball, location: 2F 1-2: Ball 2-2: Fly out, F9 (Line Drive, 9S)
|
Batting: SHB Caden Keith
|
0-0: Foul Ball, location: 2F 0-1: Ball 1-1: Ball 2-1: Ball 3-1: Called Strike 3-2: Fly out, F7 (Flyball, 7)
|
Top of the 1st over - 0 runs, 0 hits, 0 errors, 0 left on base; Kalamazoo 0 - Boston 0 |
BOTTOM OF THE 1ST |
Boston Rebels batting - Pitching for Kalamazoo Royale with Cheese : LHP Octávio Ramírez
|
Pitching: LHP Octávio Ramírez
|
|
Batting: LHB Ricardo Brandariz
|
0-0: Ball 1-0: Ball 2-0: Foul Ball, location: 2F 2-1: SINGLE (Groundball, 4D)
|
Batting: RHB Tony Long
|
0-0: Called Strike 0-1: Ball 1-1: Foul Ball, location: 2F 1-2: SINGLE (Line Drive, 7S) Ricardo Brandariz to second
|
Batting: RHB Roberto Chávez
|
0-0: Ball 1-0: Called Strike 1-1: Called Strike 1-2: Ball 2-2: Ball 3-2: Strikes out swinging
|
Batting: LHB Frank Jackson
|
0-0: Foul Ball, location: 2F 0-1: Ball 1-1: Ball Ricardo Brandariz steals 3rd base Tony Long to second 2-1: Swinging Strike 2-2: Ball 3-2: SINGLE (Groundball, 4MD) Ricardo Brandariz scores Tony Long to third Runner from 3rd tries for Home, SAFE, no throw
|
Batting: RHB Ken McDonald
|
0-0: Ball 1-0: Fly out, F2 (Popup, 2L)
|
Batting: RHB Alfredo Cortéz
|
0-0: Ball 1-0: Called Strike 1-1: Ball Frank Jackson steals 2nd base 2-1: Ball Wild Pitch! Frank Jackson to third 3-1: Foul Ball, location: 2F 3-2: Fly out, F4 (Popup, 34D)
|
Bottom of the 1st over - 2 runs, 3 hits, 0 errors, 1 left on base; Kalamazoo 0 - Boston 2 |
TOP OF THE 2ND |
Kalamazoo Royale with Cheese batting - Pitching for Boston Rebels : RHP José Ortíz
|
Batting: LHB Roberto Sandoval
|
0-0: Ball 1-0: Ball 2-0: Ball 3-0: Called Strike 3-1: Base on Balls
|
Batting: LHB Doyle Otterburn
|
0-0: Ball 1-0: Ball 2-0: Swinging Strike 2-1: Ball 3-1: Base on Balls Roberto Sandoval to second
|
Batting: LHB Donovan Bird
|
0-0: Called Strike 0-1: Ball 1-1: Swinging Strike 1-2: Strikes out swinging
|
Batting: RHB Zander Tremblett
|
0-0: Fly out, F1 (Popup, 15)
|
Batting: LHB Jim Clemente
|
0-0: Ball 1-0: Ball 2-0: Ball 3-0: Base on Balls Roberto Sandoval to third Doyle Otterburn to second
|
Batting: LHB Bill McJannett
|
0-0: Ball 1-0: SINGLE (Line Drive, 8LS) Roberto Sandoval scores Doyle Otterburn to third Jim Clemente to second Runner from 3rd tries for Home, SAFE, throw made home
|
Batting: RHB Millard Boyd
|
0-0: Foul Ball, location: 2F 0-1: DOUBLE (Groundball, 5L) Jim Clemente scores Bill McJannett to third Runner from 3rd tries for Home, SAFE, no throw
|
Batting: LHB Gene Cooper
|
0-0: Ground out 4-3 (Groundball, 34)
|
Top of the 2nd over - 4 runs, 2 hits, 0 errors, 1 left on base; Kalamazoo 4 - Boston 2 |
BOTTOM OF THE 2ND |
Boston Rebels batting - Pitching for Kalamazoo Royale with Cheese : LHP Octávio Ramírez
|
Batting: LHB Gabriel Aragón
|
0-0: Called Strike 0-1: Ball 1-1: Called Strike 1-2: Foul Ball, location: 2F 1-2: Ball 2-2: Fly out, F7 (Flyball, 78S)
|
Batting: RHB David Rodríguez
|
0-0: Called Strike 0-1: Ball 1-1: Swinging Strike 1-2: Strikes out looking
|
Batting: LHB Paco Córdova
|
0-0: Ball 1-0: Ball 2-0: Called Strike 2-1: Foul Ball, location: 2F 2-2: Strikes out looking
|
Bottom of the 2nd over - 0 runs, 0 hits, 0 errors, 0 left on base; Kalamazoo 4 - Boston 2 |
TOP OF THE 3RD |
Kalamazoo Royale with Cheese batting - Pitching for Boston Rebels : RHP José Ortíz
|
Batting: SHB Caden Keith
|
0-0: Ball 1-0: Foul Ball, location: 2F 1-1: Ground out 6-3 (Groundball, 56)
|
Batting: LHB Roberto Sandoval
|
0-0: SINGLE (Groundball, 4D)
|
Batting: LHB Doyle Otterburn
|
0-0: Called Strike Roberto Sandoval steals 2nd base 0-1: Ground out U3 (Groundball, 3) Roberto Sandoval to third
|
Batting: LHB Donovan Bird
|
0-0: Foul Ball, location: 2F 0-1: Ball 1-1: Foul Ball, location: 2F 1-2: Ball 2-2: Fly out, F8 (Flyball, 8LD)
|
Top of the 3rd over - 0 runs, 1 hit, 0 errors, 1 left on base; Kalamazoo 4 - Boston 2 |
BOTTOM OF THE 3RD |
Boston Rebels batting - Pitching for Kalamazoo Royale with Cheese : LHP Octávio Ramírez
|
Batting: LHB Ricardo Brandariz
|
0-0: Ball 1-0: SINGLE (Groundball, 56D)
|
Batting: RHB Tony Long
|
0-0: Ball 1-0: Called Strike 1-1: Ball Ricardo Brandariz steals 2nd base 2-1: Ball 3-1: Ground out 6-3 (Groundball, 6) Ricardo Brandariz to third
|
Batting: RHB Roberto Chávez
|
0-0: Ball 1-0: Fly out, F6 (Popup, 4M)
|
Batting: LHB Frank Jackson
|
0-0: Ball 1-0: Called Strike 1-1: Ball 2-1: Ball 3-1: Base on Balls
|
Batting: RHB Ken McDonald
|
0-0: 3-RUN HOME RUN (Flyball, 7D), Distance : 403 ft
|
Batting: RHB Alfredo Cortéz
|
0-0: Ball 1-0: SINGLE (Groundball, 34D)
|
Batting: LHB Gabriel Aragón
|
0-0: Ball 1-0: Called Strike 1-1: Foul Ball, location: 2F 1-2: Ball 2-2: Strikes out swinging
|
Bottom of the 3rd over - 3 runs, 3 hits, 0 errors, 1 left on base; Kalamazoo 4 - Boston 5 |
TOP OF THE 4TH |
Kalamazoo Royale with Cheese batting - Pitching for Boston Rebels : RHP José Ortíz
|
Batting: RHB Zander Tremblett
|
0-0: Ball 1-0: Called Strike 1-1: Called Strike 1-2: Ball 2-2: Foul Ball, location: 2F 2-2: Ball 3-2: Base on Balls
|
Batting: LHB Jim Clemente
|
0-0: Ball 1-0: Called Strike 1-1: Called Strike 1-2: Strikes out swinging
|
Batting: LHB Bill McJannett
|
0-0: Called Strike 0-1: Ball 1-1: Ball 2-1: Swinging Strike 2-2: Strikes out swinging
|
Batting: RHB Millard Boyd
|
0-0: Ball 1-0: Swinging Strike 1-1: Ball 2-1: Ball 3-1: Called Strike 3-2: Base on Balls Zander Tremblett to second
|
Batting: LHB Gene Cooper
|
0-0: Ball 1-0: Foul Ball, location: 2F 1-1: Fly out, F9 (Flyball, 9S)
|
Top of the 4th over - 0 runs, 0 hits, 0 errors, 2 left on base; Kalamazoo 4 - Boston 5 |
BOTTOM OF THE 4TH |
Boston Rebels batting - Pitching for Kalamazoo Royale with Cheese : LHP Octávio Ramírez
|
Batting: RHB David Rodríguez
|
0-0: Ball 1-0: Foul Ball, location: 2F 1-1: Called Strike 1-2: Fly out, F8 (Flyball, 89D)
|
Batting: LHB Paco Córdova
|
0-0: Ground out 4-3 (Groundball, 4)
|
Batting: LHB Ricardo Brandariz
|
0-0: Fly out, F9 (Line Drive, 89M)
|
Bottom of the 4th over - 0 runs, 0 hits, 0 errors, 0 left on base; Kalamazoo 4 - Boston 5 |
TOP OF THE 5TH |
Kalamazoo Royale with Cheese batting - Pitching for Boston Rebels : RHP José Ortíz
|
Batting: SHB Caden Keith
|
0-0: Ground out 6-3 (Groundball, 6D)
|
Batting: LHB Roberto Sandoval
|
0-0: Called Strike 0-1: Foul Ball, location: 2F 0-2: Ground out 4-3 (Groundball, 4M)
|
Batting: LHB Doyle Otterburn
|
0-0: Called Strike 0-1: Ball 1-1: Fly out, F7 (Flyball, 7)
|
Top of the 5th over - 0 runs, 0 hits, 0 errors, 0 left on base; Kalamazoo 4 - Boston 5 |
BOTTOM OF THE 5TH |
Boston Rebels batting - Pitching for Kalamazoo Royale with Cheese : LHP Octávio Ramírez
|
Batting: RHB Tony Long
|
0-0: Called Strike 0-1: SINGLE (Line Drive, 7LS)
|
Batting: RHB Roberto Chávez
|
0-0: Foul Ball, location: 2F 0-1: Ball 1-1: Foul Ball, location: 2F 1-2: Fly out, F6 (Popup, 6M)
|
Batting: LHB Frank Jackson
|
0-0: Foul Ball, location: 2F 0-1: Foul Ball, location: 2F 0-2: Fielders Choice at 2nd, 6-4 (Groundball, 6)
|
Now at 2B: Javier Espinoza
|
|
Batting: RHB Ken McDonald
|
0-0: Ball 1-0: Called Strike 1-1: Ball 2-1: Ball 3-1: Fly out, F7 (Flyball, 7)
|
Bottom of the 5th over - 0 runs, 1 hit, 0 errors, 1 left on base; Kalamazoo 4 - Boston 5 |
TOP OF THE 6TH |
Kalamazoo Royale with Cheese batting - Pitching for Boston Rebels : RHP José Ortíz
|
Batting: LHB Donovan Bird
|
0-0: Called Strike 0-1: SINGLE (Line Drive, 9S)
|
Batting: RHB Zander Tremblett
|
0-0: Ball 1-0: Ball 2-0: Called Strike 2-1: Foul Ball, location: 2F 2-2: Foul Ball, location: 2F 2-2: SINGLE (Groundball, 6MD) Donovan Bird to second
|
Pitching: LHP Keith Hill
|
|
Batting: LHB Jim Clemente
|
0-0: Ball 1-0: SINGLE (Groundball, 4MD) Donovan Bird to third Zander Tremblett to second Runner from 3rd tries for Home, SAFE, throw made home
|
Batting: LHB Bill McJannett
|
0-0: Foul Ball, location: 2F 0-1: Ball 1-1: Swinging Strike 1-2: Ground out 4-3 (Groundball, 4S) Zander Tremblett to third Jim Clemente to second
|
Batting: RHB Millard Boyd
|
0-0: Intentional Walk
|
Batting: LHB Javier Espinoza
|
0-0: Called Strike 0-1: Called Strike 0-2: Ball 1-2: Ball 2-2: Strikes out swinging
|
Batting: SHB Caden Keith
|
0-0: Ball 1-0: Called Strike 1-1: Foul Ball, location: 2F 1-2: Strikes out swinging
|
Top of the 6th over - 1 run, 3 hits, 0 errors, 3 left on base; Kalamazoo 5 - Boston 5 |
BOTTOM OF THE 6TH |
Boston Rebels batting - Pitching for Kalamazoo Royale with Cheese : LHP Octávio Ramírez
|
Batting: RHB Alfredo Cortéz
|
0-0: Called Strike 0-1: Swinging Strike 0-2: Fly out, F7 (Flyball, 78S)
|
Batting: LHB Gabriel Aragón
|
0-0: Ball 1-0: SINGLE (Groundball, 34D)
|
Batting: RHB David Rodríguez
|
0-0: Called Strike Gabriel Aragón steals 2nd base 0-1: Foul Ball, location: 2F 0-2: Ball 1-2: Foul Ball, location: 2F 1-2: Foul Ball, location: 2F 1-2: Ball 2-2: Ball 3-2: Intentional Walk
|
Pitching: RHP Josh Graham
|
|
Batting: LHB Paco Córdova
|
0-0: Foul Ball, location: 2F 0-1: Ball 1-1: Foul Ball, location: 2F 1-2: SINGLE (Groundball, 4D) Gabriel Aragón to third David Rodríguez to second
|
Batting: LHB Ricardo Brandariz
|
0-0: Called Strike 0-1: Ball 1-1: Foul Ball, location: 2F 1-2: Strikes out swinging
|
Batting: RHB Tony Long
|
0-0: Ball 1-0: Fielders Choice at 2nd, 5-4 (Groundball, 5)
|
Bottom of the 6th over - 0 runs, 2 hits, 0 errors, 3 left on base; Kalamazoo 5 - Boston 5 |
TOP OF THE 7TH |
Kalamazoo Royale with Cheese batting - Pitching for Boston Rebels : LHP Keith Hill
|
Pinch Hitting: RHB Eugene Gill
|
0-0: Ground out U3 (Groundball, 3L)
|
Batting: LHB Doyle Otterburn
|
0-0: Foul Ball, location: 2F 0-1: Ball 1-1: Foul Ball, location: 2F 1-2: Foul Ball, location: 2F 1-2: Ball 2-2: Foul Ball, location: 2F 2-2: Foul Ball, location: 2F 2-2: Foul Ball, location: 2F 2-2: Strikes out swinging
|
Batting: LHB Donovan Bird
|
0-0: Foul Ball, location: 2F 0-1: Fly out, F8 (Flyball, 8RS)
|
Top of the 7th over - 0 runs, 0 hits, 0 errors, 0 left on base; Kalamazoo 5 - Boston 5 |
BOTTOM OF THE 7TH |
Boston Rebels batting - Pitching for Kalamazoo Royale with Cheese : RHP Josh Graham
|
Now at 3B: Eugene Gill
|
|
Batting: RHB Roberto Chávez
|
0-0: Foul Ball, location: 2F 0-1: Called Strike 0-2: Foul Ball, location: 2F 0-2: Ball 1-2: Ball 2-2: Strikes out looking
|
Pitching: LHP Carlos Thomas
|
|
Batting: LHB Frank Jackson
|
0-0: Ball 1-0: Foul Ball, location: 2F 1-1: SINGLE (Line Drive, 6D)
|
Pitching: RHP Armen Boyajian
|
|
Batting: RHB Ken McDonald
|
0-0: Ball 1-0: Called Strike 1-1: Ball 2-1: Ball Frank Jackson steals 2nd base 3-1: Base on Balls
|
Batting: RHB Alfredo Cortéz
|
0-0: Ball Frank Jackson steals 3rd base 1-0: Called Strike 1-1: Foul Ball, location: 2F 1-2: Grounds into double play, 4-6-3 (Groundball, 4)
|
Bottom of the 7th over - 0 runs, 1 hit, 0 errors, 1 left on base; Kalamazoo 5 - Boston 5 |
TOP OF THE 8TH |
Kalamazoo Royale with Cheese batting - Pitching for Boston Rebels : LHP Keith Hill
|
Pitching: LHP Enrique Muńóz
|
|
Batting: RHB Zander Tremblett
|
0-0: Ground out 5-3 (Groundball, 56)
|
Pinch Hitting: RHB Dan Tyler
|
0-0: Ball 1-0: Ball 2-0: Called Strike 2-1: Foul Ball, location: 2F 2-2: Strikes out swinging
|
Batting: LHB Bill McJannett
|
0-0: TRIPLE (Flyball, 8RXD)
|
Batting: RHB Millard Boyd
|
0-0: Called Strike 0-1: Ball 1-1: Swinging Strike 1-2: Foul Ball, location: 2F 1-2: Foul Ball, location: 2F 1-2: Strikes out looking
|
Top of the 8th over - 0 runs, 1 hit, 0 errors, 1 left on base; Kalamazoo 5 - Boston 5 |
BOTTOM OF THE 8TH |
Boston Rebels batting - Pitching for Kalamazoo Royale with Cheese : RHP Armen Boyajian
|
Now in RF: Dan Tyler
|
|
Batting: LHB Gabriel Aragón
|
0-0: Called Strike 0-1: Ball 1-1: Ball 2-1: Ground out 6-3 (Groundball, 6M)
|
Batting: RHB David Rodríguez
|
0-0: Called Strike 0-1: Fly out, F8 (Flyball, 8RS)
|
Batting: LHB Paco Córdova
|
0-0: Ball 1-0: Ball 2-0: Ball 3-0: Base on Balls
|
Batting: LHB Ricardo Brandariz
|
0-0: Fielders Choice at 2nd, 6-4 (Groundball, 6)
|
Bottom of the 8th over - 0 runs, 0 hits, 0 errors, 1 left on base; Kalamazoo 5 - Boston 5 |
TOP OF THE 9TH |
Kalamazoo Royale with Cheese batting - Pitching for Boston Rebels : LHP Enrique Muńóz
|
Pinch Hitting: RHB Tae-kwon Kwon
|
0-0: Called Strike 0-1: Foul Ball, location: 2F 0-2: Strikes out looking
|
Batting: SHB Caden Keith
|
0-0: Foul Ball, location: 2F 0-1: Ball 1-1: SINGLE (Groundball, 56D)
|
Batting: RHB Eugene Gill
|
0-0: Ball 1-0: Called Strike Caden Keith steals 2nd base 1-1: Intentional Walk
|
Batting: LHB Doyle Otterburn
|
0-0: Ball 1-0: Ball 2-0: Called Strike 2-1: Ball 3-1: Swinging Strike 3-2: Strikes out swinging
|
Batting: LHB Donovan Bird
|
0-0: Ball 1-0: Ball 2-0: Ball 3-0: Called Strike 3-1: Base on Balls Caden Keith to third Eugene Gill to second
|
Batting: RHB Zander Tremblett
|
0-0: Foul Ball, location: 2F 0-1: Ball 1-1: Ground out 5-3 (Groundball, 56S)
|
Top of the 9th over - 0 runs, 1 hit, 0 errors, 3 left on base; Kalamazoo 5 - Boston 5 |
BOTTOM OF THE 9TH |
Boston Rebels batting - Pitching for Kalamazoo Royale with Cheese : RHP Armen Boyajian
|
Pitching: RHP Víctor Reyes
|
|
Now at 2B: Bob Noble
|
|
Batting: RHB Tony Long
|
0-0: Ball 1-0: Called Strike 1-1: Ball 2-1: Fly out, F6 (Line Drive, 6M)
|
Batting: RHB Roberto Chávez
|
0-0: Called Strike 0-1: Swinging Strike 0-2: Strikes out swinging
|
Batting: LHB Frank Jackson
|
0-0: Ball 1-0: Foul Ball, location: 2F 1-1: Ball 2-1: Foul Ball, location: 2F 2-2: Ball 3-2: Base on Balls
|
Batting: RHB Ken McDonald
|
0-0: Called Strike Frank Jackson steals 2nd base 0-1: Ball 1-1: Ball 2-1: Ball 3-1: Base on Balls
|
Batting: RHB Alfredo Cortéz
|
0-0: Fly out, F9 (Flyball, 89D)
|
Bottom of the 9th over - 0 runs, 0 hits, 0 errors, 2 left on base; Kalamazoo 5 - Boston 5 |
TOP OF THE 10TH |
Kalamazoo Royale with Cheese batting - Pitching for Boston Rebels : LHP Enrique Muńóz
|
Pitching: RHP Jorge Oliva
|
|
Batting: RHB Dan Tyler
|
0-0: Reached on error, E3 (Groundball, 34)
|
Batting: LHB Bill McJannett
|
0-0: Swinging Strike 0-1: Foul Ball, location: 2F 0-2: Strikes out looking
|
Batting: RHB Millard Boyd
|
0-0: Ball 1-0: Ball 2-0: Ground out 6-3 (Groundball, 6S) Dan Tyler to second
|
Batting: SHB Bob Noble
|
0-0: Ball 1-0: Foul Ball, location: 2F 1-1: Ball 2-1: Fly out, F9 (Flyball, 9LS)
|
Top of the 10th over - 0 runs, 0 hits, 1 error, 1 left on base; Kalamazoo 5 - Boston 5 |
BOTTOM OF THE 10TH |
Boston Rebels batting - Pitching for Kalamazoo Royale with Cheese : RHP Víctor Reyes
|
Batting: LHB Gabriel Aragón
|
0-0: Ground out U3 (Groundball, 3)
|
Batting: RHB David Rodríguez
|
0-0: Ball 1-0: Ball 2-0: Called Strike 2-1: Foul Ball, location: 2F 2-2: Strikes out looking
|
Batting: LHB Paco Córdova
|
0-0: Ball 1-0: Called Strike 1-1: Swinging Strike 1-2: Ground out 6-3 (Groundball, 6M)
|
Bottom of the 10th over - 0 runs, 0 hits, 0 errors, 0 left on base; Kalamazoo 5 - Boston 5 |
TOP OF THE 11TH |
Kalamazoo Royale with Cheese batting - Pitching for Boston Rebels : RHP Jorge Oliva
|
Batting: SHB Caden Keith
|
0-0: Called Strike 0-1: Called Strike 0-2: Ball 1-2: Foul Ball, location: 2F 1-2: Ball 2-2: Ball 3-2: Strikes out looking
|
Batting: RHB Eugene Gill
|
0-0: Foul Ball, location: 2F 0-1: Foul Ball, location: 2F 0-2: Ball 1-2: Foul Ball, location: 2F 1-2: Ball 2-2: Foul Ball, location: 2F 2-2: Strikes out swinging
|
Batting: LHB Doyle Otterburn
|
0-0: Ball 1-0: Ball 2-0: Ball 3-0: Foul Ball, location: 2F 3-1: Base on Balls
|
Batting: LHB Donovan Bird
|
0-0: Foul Ball, location: 2F 0-1: Fly out, F9 (Flyball, 9LSF)
|
Top of the 11th over - 0 runs, 0 hits, 0 errors, 1 left on base; Kalamazoo 5 - Boston 5 |
BOTTOM OF THE 11TH |
Boston Rebels batting - Pitching for Kalamazoo Royale with Cheese : RHP Víctor Reyes
|
Pitching: RHP António Ramos
|
|
Batting: LHB Ricardo Brandariz
|
0-0: Called Strike 0-1: Ball 1-1: Ground out U3 (Groundball, 34S)
|
Batting: RHB Tony Long
|
0-0: Foul Ball, location: 2F 0-1: Ball 1-1: Ball 2-1: Called Strike 2-2: Ball 3-2: Base on Balls
|
Batting: RHB Roberto Chávez
|
0-0: Foul Ball, location: 2F 0-1: Ball 1-1: Foul Ball, location: 2F 1-2: Foul Ball, location: 2F 1-2: Ball 2-2: Strikes out swinging
|
Batting: LHB Frank Jackson
|
0-0: Called Strike 0-1: Foul Ball, location: 2F 0-2: Strikes out swinging
|
Bottom of the 11th over - 0 runs, 0 hits, 0 errors, 1 left on base; Kalamazoo 5 - Boston 5 |
TOP OF THE 12TH |
Kalamazoo Royale with Cheese batting - Pitching for Boston Rebels : RHP Jorge Oliva
|
Pitching: RHP Beau Murphy
|
|
Batting: RHB Zander Tremblett
|
0-0: Ball 1-0: Called Strike 1-1: Ground out 1-3 (Groundball, 13)
|
Batting: RHB Dan Tyler
|
0-0: Called Strike 0-1: SINGLE (Groundball, 6MD)
|
Batting: LHB Bill McJannett
|
0-0: Called Strike 0-1: Ball 1-1: Foul Ball, location: 2F 1-2: Strikes out swinging
|
Batting: RHB Millard Boyd
|
0-0: Ball 1-0: Fielders Choice at 2nd, 6-4 (Groundball, 6)
|
Top of the 12th over - 0 runs, 1 hit, 0 errors, 1 left on base; Kalamazoo 5 - Boston 5 |
BOTTOM OF THE 12TH |
Boston Rebels batting - Pitching for Kalamazoo Royale with Cheese : RHP António Ramos
|
Batting: RHB Ken McDonald
|
0-0: Ball 1-0: Foul Ball, location: 2F 1-1: Ball 2-1: Ground out 3-1 (Groundball, 34)
|
Batting: RHB Alfredo Cortéz
|
0-0: Ball 1-0: Ball 2-0: Called Strike 2-1: Ground out 1-3 (Groundball, 13)
|
Batting: LHB Gabriel Aragón
|
0-0: Called Strike 0-1: Ball 1-1: Ball 2-1: Ball 3-1: Base on Balls
|
Batting: RHB David Rodríguez
|
0-0: Ball 1-0: Swinging Strike 1-1: Fly out, F7 (Flyball, 7LD)
|
Bottom of the 12th over - 0 runs, 0 hits, 0 errors, 1 left on base; Kalamazoo 5 - Boston 5 |
TOP OF THE 13TH |
Kalamazoo Royale with Cheese batting - Pitching for Boston Rebels : RHP Beau Murphy
|
Batting: SHB Bob Noble
|
0-0: Called Strike 0-1: Swinging Strike 0-2: Ground out 4-3 (Groundball, 4)
|
Batting: SHB Caden Keith
|
0-0: Swinging Strike 0-1: Ground out 4-3 (Groundball, 4)
|
Batting: RHB Eugene Gill
|
0-0: Ball 1-0: Fly out, F4 (Line Drive, 4)
|
Top of the 13th over - 0 runs, 0 hits, 0 errors, 0 left on base; Kalamazoo 5 - Boston 5 |
BOTTOM OF THE 13TH |
Boston Rebels batting - Pitching for Kalamazoo Royale with Cheese : RHP António Ramos
|
Batting: LHB Paco Córdova
|
0-0: Called Strike 0-1: Swinging Strike 0-2: Ball 1-2: Strikes out looking
|
Batting: LHB Ricardo Brandariz
|
0-0: Swinging Strike 0-1: Ball 1-1: Called Strike 1-2: Ground out 5-3 (Groundball, 56)
|
Batting: RHB Tony Long
|
0-0: Ball 1-0: Foul Ball, location: 2F 1-1: Ball 2-1: Swinging Strike 2-2: Fly out, F8 (Flyball, 8LM)
|
Bottom of the 13th over - 0 runs, 0 hits, 0 errors, 0 left on base; Kalamazoo 5 - Boston 5 |
TOP OF THE 14TH |
Kalamazoo Royale with Cheese batting - Pitching for Boston Rebels : RHP Beau Murphy
|
Pitching: LHP Nelson Béltre
|
|
Batting: LHB Doyle Otterburn
|
0-0: Foul Ball, location: 2F 0-1: Swinging Strike 0-2: Ball 1-2: Ball 2-2: Ball 3-2: Fly out, F7 (Flyball, 7LDF)
|
Batting: LHB Donovan Bird
|
0-0: Ball 1-0: Called Strike 1-1: Foul Ball, location: 2F 1-2: Ball 2-2: Foul Ball, location: 2F 2-2: Ball 3-2: Strikes out swinging
|
Batting: RHB Zander Tremblett
|
0-0: Ball 1-0: Ball 2-0: Called Strike 2-1: Called Strike 2-2: Ball 3-2: Base on Balls
|
Batting: RHB Dan Tyler
|
0-0: Ball 1-0: Ball 2-0: Ball 3-0: Called Strike 3-1: Called Strike 3-2: Base on Balls Zander Tremblett to second
|
Batting: LHB Bill McJannett
|
0-0: Ball 1-0: Called Strike 1-1: Foul Ball, location: 2F 1-2: Ball 2-2: Foul Ball, location: 2F 2-2: Strikes out swinging
|
Top of the 14th over - 0 runs, 0 hits, 0 errors, 2 left on base; Kalamazoo 5 - Boston 5 |
BOTTOM OF THE 14TH |
Boston Rebels batting - Pitching for Kalamazoo Royale with Cheese : RHP António Ramos
|
Batting: RHB Roberto Chávez
|
0-0: Foul Ball, location: 2F 0-1: Called Strike 0-2: Ball 1-2: Foul Ball, location: 2F 1-2: SINGLE (Line Drive, 34D)
|
Batting: LHB Frank Jackson
|
0-0: Called Strike 0-1: SINGLE (Groundball, 56D) Roberto Chávez to second
|
Batting: RHB Ken McDonald
|
0-0: Called Strike 0-1: Ball 1-1: Called Strike Roberto Chávez steals 3rd base Frank Jackson to second 1-2: Foul Ball, location: 2F 1-2: Ball 2-2: Ball 3-2: Foul Ball, location: 2F 3-2: Base on Balls
|
Pitching: LHP Dave Huot
|
|
Batting: RHB Alfredo Cortéz
|
0-0: Ball 1-0: Foul Ball, location: 2F 1-1: Ball 2-1: Ball 3-1: Fly out, F8 (Line Drive, 8LS) Runner from 3rd tags up, SCORES, no throw
|
Saturday, April 7th, 2018 - OOTP Baseball 18.8 Build 76
|
|